 Dungeon Crawl Stone Soup version 0.23.2-33-g5129a83184 (webtiles) character file.

Game seed: 15035588862460918847

35 FishyPogo the Grave Robber (level 3, 0/24 HPs)
             Began as a Demonspawn Necromancer on July 22, 2019.
             Slain by a bat (1 damage)
             ... on level 2 of the Dungeon.
             The game lasted 00:15:26 (1053 turns).

FishyPogo the Grave Robber (Demonspawn Necromancer) Turns: 1053, Time: 00:15:27

Health: 0/24       AC:  2    Str:  8    XL:     3   Next: 16%
Magic:  9/15       EV: 12    Int: 17    God:
Gold:   68         SH:  0    Dex: 13    Spells: 4/6 levels left

rFire    . . .     SeeInvis .   i - +0 short sword
rCold    . . .     Gourm    .   (no shield)
rNeg     . . .     Faith    .   a - +0 robe
rPois    .         Spirit   .   (no helmet)
rElec    .         Reflect  .   (no cloak)
rCorr    .         Harm     .   (no gloves)
MR       .....                  (no boots)
Stlth    ++........             (no amulet)
HPRegen  0.08/turn              g - ring of magical power
MPRegen  0.14/turn              (no ring)

@: no status effects
A: demonic guardian 1
a: no special abilities


You were on level 2 of the Dungeon.
You were not hungry.

You visited 1 branch of the dungeon, and saw 2 of its levels.

You collected 68 gold pieces.

Inventory:

Hand Weapons
 f - a +0 club
 i - a +0 short sword (weapon)
Armour
 a - a +0 robe (worn)
Jewellery
 g - a ring of magical power (left hand)
Scrolls
 e - a scroll of teleportation
 h - a scroll of identify
 j - a scroll of amnesia
Potions
 b - 4 potions of curing
Comestibles
 c - 2 rations


   Skills:
 * Level 2.3 Dodging
 * Level 2.0 Stealth
 * Level 2.2 Spellcasting
 + Level 4.9 Necromancy


You had 4 spell levels left.
You knew the following spells:

 Your Spells              Type           Power        Failure   Level  Hunger
a - Pain                  Necr           ###.         2%          1    #......
b - Animate Skeleton      Necr           N/A          2%          1    #......

Your spell library contained the following spells:

 Spells                   Type           Power        Failure   Level  Hunger
 Vampiric Draining        Necr           ###.......   8%          3    ###....
 Regeneration             Chrm/Necr      ##........   21%         3    ###....
 Animate Dead             Necr           N/A          24%         4    #####..


Dungeon Overview and Level Annotations

Branches:
Dungeon (2/15)

Altars:


Innate Abilities, Weirdness & Mutations

A weak demonic guardian rushes to your aid.


Message History

Press: ? - help, Shift-Dir - straight line, f - bat
Aim: a bat (chance to defeat MR: 89%)
The bat writhes in agony.
Your bat skeleton hits the bat but does no damage.
The bat hits you.
* * * LOW HITPOINT WARNING * * *
Your bat skeleton hits the bat but does no damage.
The bat hits your bat skeleton.
The hobgoblin barely misses your bat skeleton.
Your bat skeleton closely misses the bat.
Casting: Pain (safe; 2% risk of failure)
Confirm with . or Enter, or press ? or * to list all spells.
Aiming: Pain (safe; 2% risk of failure)
Press: ? - help, Shift-Dir - straight line, f - hobgoblin, p - bat
Aim: a hobgoblin, wielding a +0 club (chance to defeat MR: 89%)
The hobgoblin writhes in agony.
Your bat skeleton barely misses the bat.
Your bat skeleton completely misses the bat.
The bat hits you.
You die...

#.S... .... ..# .... #
..... .# .....## .# ..
.......##.##...
....w.......g..
.......Zg..#
....###b##..... # .
#@####... # #.^..# . ####
#.##.# ...## #.# #....
....########## #.# .....
.............###.###.....
.[......)#......>.....[..
...#####.................
...# ###...§.§>........


You could see a hobgoblin, a bat and a friendly bat skeleton.

Vanquished Creatures
  An adder (D:2)
  A ball python (D:1)
  5 goblins
  5 hobgoblins
  2 bats (D:2)
  2 kobolds (D:1)
  2 rats (D:1)
18 creatures vanquished.

Vanquished Creatures (collateral kills)
  An ooze (D:1)
  A bat (D:1)
2 creatures vanquished.

Grand Total: 20 creatures vanquished

Notes
Turn   | Place    | Note
-------+----------+-------------------------------------------
     0 | D:1      | FishyPogo the Demonspawn Necromancer began the quest for
                  | the Orb.
     0 | D:1      | Reached XP level 1. HP: 13/13 MP: 3/3
    42 | D:1      | Learned a level 1 spell: Animate Skeleton
   183 | D:1      | Gained mutation: A weak demonic guardian rushes to your
                  | aid. [demonic ancestry]
   183 | D:1      | Reached XP level 2. HP: 15/19 MP: 1/5
   907 | D:2      | Reached XP level 3. HP: 3/24 MP: 6/6
  1052 | D:2      | HP: 1/24 [bat (1)]
  1053 | D:2      | Slain by a bat

Skill      XL: |  1  2  3 |
---------------+----------+-----
Dodging        | 2 |  2.3
Stealth        | 2 |  2.0
Spellcasting   | |  2.2
Necromancy     | |  4.9

Action                   || total
-------------------------++-------
Melee: Club              ||     9
       Short sword       ||    10
 Cast: Pain              ||    41
       Animate Skeleton  ||     5
  Use: Potion            ||     2
       Scroll            ||     3
  Eat: Chunk             ||     1
Armor: Robe              ||     4
Dodge: Dodged            ||    21
